 Dungeon Sprint DCSS version 0.21-a0-91-ga5031da (webtiles) character file.

76 Kidiri the Insei (level 4, -6/37 HPs)
             Began as a Draconian Transmuter on June 28, 2017.
             Mangled by a water elemental (17 damage)
             ... in the Dungeon (Sprint III: "The Ten Rune Challenge").
             The game lasted 00:02:27 (555 turns).

Kidiri the Insei (Draconian Transmuter)              Turns: 555, Time: 00:02:28

Health: -6/37      AC:  2    Str: 12    XL:     4   Next: 12%
Magic:  4/8        EV: 22    Int: 13    God:
Gold:   22         SH:  0    Dex: 20    Spells: 3/9 levels left

rFire    . . .     SeeInvis .     - Unarmed
rCold    . . .     Gourm    .   (shield currently unavailable)
rNeg     . . .     Faith    .   (armour unavailable)
rPois    x         Spirit   .   (helmet currently unavailable)
rElec    .         Reflect  .   (cloak currently unavailable)
rCorr    .         Harm     .   (gloves currently unavailable)
MR       .....     Rnd*Rage +   (boots currently unavailable) Stlth ++........NoTele +
                                (no amulet)
HPRegen  0.12/turn              (no ring)
MPRegen  0.11/turn              (no ring)

@: spider-form
A: unfitting armour, agile 1, berserk 1, sense surroundings 1, AC +5
a: End Transformation


You were in the Dungeon.
You were not hungry.
You were a venomous arachnid creature.
You visited 1 branch You collected 22 gold pieces.

Inventory:

Missiles
 a - 12 arrows
Scrolls
 h - a scroll of torment
 i - a scroll of blinking
 j - a scroll of identify
 k - 3 scrolls of remove curse
Potions
 d - a potion of curing
 e - a potion of heal wounds
 f - a potion of haste
 g - 3 potions of magic
 m - a potion of flight
 n - 2 potions of mutation
Books
 b - a book of Changes

   Spells                             Type                      Level
   a - Beastly Appendage              Transmutation                1
   b - Sticks to Snakes               Transmutation                2
   c - Spider Form                    Transmutation/Poison         3
   d - Ice Form                       Ice/Transmutation            4
   e - Blade Hands                    Transmutation                5
Comestibles
 c - 2 bread rations
 l - a fruit


   Skills:
 + Level 2.9 Fighting
 * Level 3.9 Dodging
 + Level 2.1 Stealth
 * Level 4.7 Unarmed Combat
 + Level 3.1 Spellcasting
 * Level 4.2 Transmutations
 + Level 0.0 Poison Magic


You had 3 spell levels left.
You knew the following spells:

 Your Spells              Type           Power        Failure   Level  Hunger
a - Beastly Appendage     Tmut           ##....       12%         1    #......
b - Sticks to Snakes      Tmut           ##......     17%         2    ##.....
c - Spider Form           Tmut/Pois      #.........   50%         3    ###....


Dungeon Overview and Level Annotations

Branches:
Dungeon (1/1)

Altars:


Innate Abilities, Weirdness & Mutations

((Your plain brown scales are hard. (AC +5)))
You cannot fit into any form of body armour.
((You are cold-blooded and may be slowed by cold attacks.))
You are agile. (Dex +2)
You tend to lose your temper in combat.
You passively map a small area around you.
((Your system is resistant to poisons. (rPois)))


Message History

With effort, you pull free of the water engulfing you.
You gasp with relief as air once again reaches your lungs.
You hit the water elemental.
The water elemental is severely damaged.
Your transformation has ended.
The water elemental hits you!
* * * LOW HITPOINT WARNING * * *
Unknown command.
Casting: Spider Form
Confirm with . or Enter, or press ? or * to list all spells.
You turn into a venomous arachnid creature.
The water elemental closely misses you.
Unknown command.
You hit the water elemental but do no damage.
The water elemental is severely damaged.
The water elemental misses you.
You hit the water elemental.
The water elemental is severely damaged.
The water elemental hits you!
You die...

▓<..#[..#### ##.#** *
▓...#......#####..# ___ _
▓..##.......#..#..# _ ,
▓##.##.##...#..#..###+#+##
##.##.###..##+#..#.......
▓#.####.##..###...'.⌠.....
▓.###..##..####...#...####
, ▓#.....##..###..E.#.⌠.#
###..##...##..s..#...# _*
##..##....#......#+###__*
#..###..##.#.....#, , *,
#).# #..#####....#_
▓▓▓▓*▓▓▓▓* ▓▓▓▓▓▓ * * , ≈
*, , , ≈ * ≈ *


You could see a water elemental.

Vanquished Creatures
  A scorpion (D)
  A human (D)
  2 oozes (D)
  2 rats (D)
6 creatures vanquished.

Vanquished Creatures (others)
  2 draconian scorchers (D)
  6 hellions (D)
  A yaktaur (D)
9 creatures vanquished.

Grand Total: 15 creatures vanquished

Notes
Turn   | Place    | Note
-------+----------+-------------------------------------------
     0 | D        | Kidiri the Draconian Transmuter began the quest for the Orb.
     0 | D        | Reached XP level 1. HP: 16/16 MP: 3/3
    16 | D        | Reached XP level 2. HP: 18/24 MP: 3/5
    20 | D        | Learned a level 2 spell: Sticks to Snakes
   107 | D        | Killed a hellion
   107 | D        | Killed a hellion
   107 | D        | Killed a hellion
   108 | D        | Killed a hellion
   108 | D        | Killed a hellion
   115 | D        | Noticed a scorpion
   126 | D        | Killed a scorpion
   126 | D        | Reached skill level 1 in Stealth
   126 | D        | Reached XP level 3. HP: 19/30 MP: 4/7
   134 | D        | Reached XP level 4. HP: 21/37 MP: 4/8
   148 | D        | Learned a level 3 spell: Spider Form
   184 | D        | Killed a yaktaur
   186 | D        | Killed a white draconian scorcher
   186 | D        | Killed a white draconian scorcher
   236 | D        | Killed a hellion
   391 | D        | Gained mutation: You are clumsy. (Dex -2) [potion of mutation]
   391 | D        | Gained mutation: Your flesh is cold resistant. (rC+) [potion of mutation]
   392 | D        | Lost mutation: You are clumsy. (Dex -2) [potion of mutation]
   392 | D        | Lost mutation: Your flesh is cold resistant. (rC+) [potion of mutation]
   392 | D        | Gained mutation: You tend to lose your temper in combat. [potion of mutation]
   392 | D        | Gained mutation: Your flesh is heat resistant. (rF+) [potion of mutation]
   393 | D        | Lost mutation: Your flesh is heat resistant. (rF+) [potion of mutation]
   393 | D        | Lost mutation: You tend to lose your temper in combat. [potion of mutation]
   393 | D        | Gained mutation: Your system is resistant to poisons. (rPois) [potion of mutation]
   393 | D        | Gained mutation: You passively map a small area around you. [potion of mutation]
   393 | D        | Gained mutation: You tend to lose your temper in combat. [potion of mutation]
   393 | D        | Gained mutation: You are agile. (Dex +2) [potion of mutation]
   537 | D        | Noticed a water elemental
   555 | D        | Mangled by a water elemental

Vault maps used:
D:        dungeon_sprint_mu

Skill      XL: |  1  2  3 |
---------------+----------+-----
Dodging        | 2 3 |  3.9
Fighting       | 2 |  2.9
Stealth        | 1 2 |  2.1
Unarmed Combat | 4 |  4.7
Spellcasting   | 3 |  3.1
Transmutations | 4 |  4.2

Action                   |  1- 3 |  4- 6 || total
-------------------------+-------+-------++-------
Melee: Unarmed           |    20 |    14 ||    34
       Headbutt          |     1 |       ||     1
 Cast: Beastly Appendage |     2 |       ||     2
       Spider Form       |       |     2 ||     2
  Use: Potion            |     1 |     3 ||     4
       Scroll            |       |     2 ||     2
 Stab: Sleeping          |     2 |       ||     2
Armor: Skin              |     2 |       ||     2
Dodge: Dodged            |     6 |    10 ||    16
